 Dungeon Crawl Stone Soup version 0.19-a0-1896-g611e798 (webtiles) character file.

6055 DrakieV the Grappler (level 10, -5/98 HPs)
             Began as a Troll Monk on Oct 19, 2016.
             Was an Elder of Cheibriados.
             Slain by an orc warrior
             ... wielding a +0 halberd
              (11 damage)
             ... on level 9 of the Dungeon.
             The game lasted 00:15:57 (6392 turns).

DrakieV the Grappler (Troll Monk)                   Turns: 6392, Time: 00:15:58

Health: -5/98      AC:  6    Str: 31    XL:     10   Next: 57%
Magic:  9/9        EV: 15    Int: 15    God:    Cheibriados [****..]
Gold:   388        SH:  0    Dex: 27    Spells: 1 memorised, 8 levels left

rFire  . . .     SeeInvis +       - Unarmed
rCold  . . .     Gourm    +     a - +1 robe
rNeg   . . .     Faith    .     (no shield)
rPois  .         Spirit   .     (helmet restricted)
rElec  .         Reflect  .     (no cloak)
rCorr  .         Harm     .     (gloves unavailable)
MR     .....                    (boots unavailable)
Stlth  ++........               (no amulet)
                                B - ring of see invisible
                                A - +4 ring of dexterity

@: slowed, very slow
A: unfitting armour, claws 3, fast metabolism 3, gourmand, sense surroundings 1,
regeneration 1, shaggy fur 1, tough skin 2
a: Bend Time, Temporal Distortion, Slouch, Renounce Religion


You were on level 9 of the Dungeon.
You worshipped Cheibriados.
Cheibriados was greatly pleased with you.
You were very full.

You visited 2 branches of the dungeon, and saw 10 of its levels.

You collected 487 gold pieces.
You spent 99 gold pieces at shops.


Innate Abilities, Weirdness & Mutations

You are too large for most types of armour.
You have claws for hands.
Your metabolism is lightning-fast.
You like to eat raw meat.
Your natural rate of healing is unusually fast.
You are covered in fur. (AC +1)
You have very tough skin. (AC +2)
You passively map a small area around you.


   Skills:
 + Level 6.0 Fighting
 + Level 6.0 Dodging
 - Level 1.0 Stealth
 + Level 13.0 Unarmed Combat


You had 8 spell levels left.
You knew the following spells:

 Your Spells              Type           Power        Failure   Level  Hunger
a - Apportation           Tloc           #.........   28%         1    ##.....


Dungeon Overview and Level Annotations

Branches:
Dungeon (9/15)             Temple (1/1) D:5             Orc (0/2) D:9
   Lair: D:8-11

Altars:
Ashenzari
Cheibriados
Dithmenos
Elyvilon
Fedhas
Gozag
Hepliaklqana
Kikubaaqudgha
Makhleb
Nemelex Xobeh
Okawaru
Qazlal
Ru
Sif Muna
Trog
Uskayaw
Vehumet
Xom
Yredelemnul
Zin
The Shining One

Shops:
D:4 :   D:5 !

Annotations:
D:9 Grum

Inventory:

Missiles
 p - 11 poisoned needles
Armour
 a - a +1 robe (worn)
Jewellery
 f - an uncursed ring of poison resistance
   (You found it on level 5 of the Dungeon)
 A - a +4 ring of dexterity (left claw)
   (You found it on level 8 of the Dungeon)
 B - a ring of see invisible (right claw)
   (You found it on level 7 of the Dungeon)
Wands
 y - a wand of paralysis (8/24)
   (You found it on level 6 of the Dungeon)
 D - a wand of digging (8/24)
   (You found it on level 9 of the Dungeon)
Scrolls
 d - a scroll of fog {unknown}
 e - 2 scrolls of remove curse {@r2}
 g - a scroll of recharging {unknown}
 i - a scroll of amnesia {unknown}
 j - a scroll of fear {unknown}
 n - a scroll of enchant weapon
 r - a scroll of random uselessness {unknown}
 s - a scroll of noise {unknown}
 u - a scroll of enchant armour
 z - a scroll of identify {@r1}
Potions
 h - 6 potions of curing {@q1}
 q - 5 potions of flight
 t - a potion of brilliance
 v - a potion of agility
 w - a potion of might
 x - a potion of cure mutation
Comestibles
 b - 7 bread rations {@e1}
 c - 2 meat rations {@e2}
 k - 7 chunks of flesh
 l - 2 royal jellies
 m - 9 slices of pizza
 o - 3 fruits
 C - 3 beef jerkies

##., , ##(.....#...##.#
, #... ........#.####.#
....### *#......#.## #.#
.8.....*##..#......###.#
....o..#.............#.#
, ,
......oh#.#....#.......#
.>....8ho###........#..#
......Kg#h#....##.#...##
......K#oT@.......##.##
, .8...o.######.##### .#
.o..####......# *.# #.#
######## #,, , * * * * *
* , *


You could see Grum, a troll, 2 orc warriors, a big kobold, 3 wolves, an orc
wizard and an orc.


Message History

The wolf bites you.
* * * LOW HITPOINT WARNING * * *
The wolf bites you.
* * * LOW HITPOINT WARNING * * *
A wolf comes into view.
The wolf howls!
A wolf comes into view.
You mangle the wolf!!
You kill the wolf!
Cheibriados thoroughly appreciates the change of pace.
Your Unarmed Combat skill increases to level 13!
The orc wizard mumbles some strange words.
The orc wizard blinks!
Grum the Hunter comes into view.
He is wielding a spear.
Grum growls angrily.
You mangle the orc!!
You kill the orc!
Cheibriados appreciates the change of pace.
The kobold hits you but does no damage.
You claw the kobold!
You kill the kobold!
Cheibriados appreciates the change of pace.
The orc warrior closely misses you. The troll bites you but does no damage.
The troll claws you but does no damage. The troll claws you.
* * * LOW HITPOINT WARNING * * *
A wolf comes into view.
The wolf howls!
An orc comes into view.
The wolf closely misses you. The wolf completely misses you.
The troll closely misses you. The troll claws you.
* * * LOW HITPOINT WARNING * * *
The troll barely misses you.
The orc wizard gestures wildly while chanting.
The orc wizard blinks!
The wolf bites you.
* * * LOW HITPOINT WARNING * * *
The orc warrior closely misses you.
An orc comes into view. It is wielding a dagger.
There is an escape hatch in the floor, spattered with blood here.
You see here an orc corpse.
Grum growls angrily.
You hear a shout!
The wolf closely misses you. The wolf bites you but does no damage.
Grum lets out an intimidating howl.
The wolf closely misses you.
The orc warrior hits you from afar with a halberd!
* * * LOW HITPOINT WARNING * * *
The troll misses you. The troll claws you!
* * * LOW HITPOINT WARNING * * *
The troll closely misses you. The wolf closely misses you.
The orc warrior hits you from afar with a halberd!
You die...

Vault maps used:
D:1:      dpeg_cavernosity, minmay_domino_2
D:2:      first_bread
D:3:      nicolae_overflow_crystal_walls, ecumenical_altar_2,
          kennysheep_generic_room_4
D:4:      serial_shops, nicolae_shop_crystal, hangedman_abyss_or_decor_slice
D:5:      serial_shops, kennysheep_little_box, uniq_menkaure
D:6:      minmay_cornered_nines, nemelex_xobeh_ov_fountains_minmay,
          old_standard_altar, dancing_weapons_uskayaw, uniq_blork_the_orc,
          uniq_pikel
D:7:      kennysheep_mini, elyvilon_altar_4, bloody_trog, slow_altar_1,
          grunt_livestock, grunt_ministairs_2, minmay_misc_feat_diagonals
D:8:      nicolae_dithmenos_through_a_glass_darkly
D:9:      chequers_temple_overflow_statue_of_worship, david_orc_2,
          grunt_decor_one_mirror, uniq_grum
Temple:   eino_wide_crystal_templ

Vanquished Creatures
  The ghost of Infinimo the Basher, a novice KoBe of Trog (D:8)
  Pikel (D:6)
  A kobold demonologist (D:6)
  The ghost of Eniamerus the Covert, an amateur SpAs of Okawaru (D:3)
  A wyvern (D:8)
  8 yaks
  A hog (D:7)
  A human (D:7)
  A hungry ghost (D:7)
  Menkaure (D:5)
  A steam dragon (D:7)
  A phantom (D:8)
  4 orc warriors
  A necrophage (D:6)
  2 centaurs
  3 ogres
  A wolf (D:9)
  5 bullfrogs
  2 scorpions
  2 centaur zombies
  A bullfrog zombie (D:5)
  2 crimson imps
  5 orc priests
  5 hounds
  3 bullfrog skeletons
  A centaur skeleton (D:5)
  3 iguanas
  An iron imp (D:7)
  7 orc wizards
  7 worker ants
  A hound zombie (D:7)
  3 hound skeletons
  A howler monkey zombie (D:4)
  8 adders
  2 oozes
  An adder skeleton (D:9)
  2 worms
  5 leopard geckos
  24 orcs
  4 giant cockroaches
  6 goblins
  6 hobgoblins
  11 jackals
  A quokka (D:9)
  A ball python (D:3)
  7 bats
  5 frilled lizards
  8 kobolds
  A quokka skeleton (D:7)
  9 rats
180 creatures vanquished.

Vanquished Creatures (others)
  3 slaves (D:6)
  An ogre (D:6)
  Blork the orc (D:6)
  2 leopard geckos (D:6)
  A giant cockroach (D:6)
8 creatures vanquished.

Grand Total: 188 creatures vanquished

Table legend:
 A = Turns spent in this place as a percentage of turns spent in the entire game.
 B = Non-inter-level travel turns spent in this place as a percentage of non-inter-level travel turns spent in the entire game.
 C = Inter-level travel turns spent in this place as a percentage of turns spent in this place.
 D = Turns resting spent in this place as a percentage of non-inter-level travel turns spent in this place.
 E = Turns spent auto-exploring this place as a percentage of non-inter-level travel turns spent in this place.
 F = Non-inter-level travel turns spent in this place divided by the number of levels of this place that you've seen.
                   A       B       C       D       E      F
               +-------+-------+-------+-------+-------+----------------------
         Total | 100.0 | 100.0 |   0.6 |   1.5 |  20.2 | 173.1
       Dungeon |  95.5 |  95.5 |   0.7 |   1.6 |  21.2 | 183.7
        Temple |   4.5 |   4.5 |   0.0 |   0.0 |   0.0 |  78.0
               +-------+-------+-------+-------+-------+----------------------

Table legend:
 A = Kills in this place as a percentage of kills in entire the game.
 B = Kills by you in this place as a percentage of kills by you in the entire game.
 C = Kills by friends in this place as a percentage of kills by friends in the entire game.
 D = Other kills in this place as a percentage of other kills in the entire game.
 E = Experience gained in this place as a percentage of experience gained in the entire game.
 F = Experience gained in this place divided by the number of levels of this place that you have seen.
                   A       B       C       D       E      F
               +-------+-------+-------+-------+-------+----------------------
         Total | 100.0 | 100.0 |  -nan |  -nan | 100.0 | 865.1
       Dungeon | 100.0 | 100.0 |  -nan |  -nan | 100.0 | 961.2
               +-------+-------+-------+-------+-------+----------------------

Notes
Turn   | Place    | Note
-------+----------+-------------------------------------------
     0 | D:1      | DrakieV the Troll Monk began the quest for the Orb.
     0 | D:1      | Reached XP level 1. HP: 22/22 MP: 0/0
   184 | D:1      | Reached XP level 2. HP: 19/29 MP: 1/1
  1018 | D:2      | Reached XP level 3. HP: 36/36 MP: 2/2
  1268 | D:2      | Reached skill level 3 in Fighting
  1469 | D:3      | Noticed Eniamerus's ghost (amateur SpAs)
  1486 | D:3      | Killed Eniamerus's ghost
  1486 | D:3      | Reached skill level 3 in Dodging
  1486 | D:3      | Reached skill level 4 in Unarmed Combat
  1486 | D:3      | Reached XP level 4. HP: 29/46 MP: 3/3
  1486 | D:3      | Reached XP level 5. HP: 34/53 MP: 4/4
  1525 | D:3      | Found a stormy altar of Qazlal.
  1805 | D:3      | Found a faded altar of an unknown god.
  2402 | D:3      | Noticed an ogre
  2419 | D:3      | Killed an ogre
  2419 | D:3      | Reached XP level 6. HP: 38/62 MP: 5/5
  2510 | D:4      | Reached skill level 5 in Unarmed Combat
  2546 | D:4      | Found Zyema's Book Shop.
  2882 | D:4      | Reached XP level 7. HP: 68/68 MP: 6/6
  3049 | D:4      | Reached skill level 6 in Unarmed Combat
  3055 | D:4      | HP: 17/68 [orc wizard/dagger (4)]
  3268 | D:5      | Entered Level 5 of the Dungeon
  3286 | D:5      | Reached skill level 7 in Unarmed Combat
  3398 | D:5      | Found a staircase to the Ecumenical Temple.
  3412 | Temple   | Entered the Ecumenical Temple
  3568 | D:5      | Learned a level 1 spell: Apportation
  3610 | D:5      | Found Lituasoe's Distillery.
  3623 | D:5      | Bought a potion of degeneration for 11 gold pieces
  3623 | D:5      | Bought a potion of agility for 44 gold pieces
  3623 | D:5      | Bought a potion of might for 44 gold pieces
  3663 | D:5      | Noticed Menkaure
  3670 | D:5      | Killed Menkaure
  3670 | D:5      | Reached skill level 8 in Unarmed Combat
  3717 | D:5      | Reached XP level 8. HP: 73/78 MP: 7/7
  3843 | D:6      | Noticed Pikel
  3868 | D:6      | Killed Pikel
  3868 | D:6      | Reached skill level 9 in Unarmed Combat
  3910 | D:6      | Killed Blork the orc
  4134 | D:6      | Found a hide-covered altar of Uskayaw.
  4143 | D:6      | Reached skill level 10 in Unarmed Combat
  4148 | D:6      | Noticed a dagger
  4149 | D:6      | Noticed a dagger
  4156 | D:6      | Found a blossoming altar of Fedhas.
  4254 | D:6      | Found a sparkling altar of Nemelex Xobeh.
  4348 | D:6      | Noticed a kobold demonologist
  4356 | D:6      | Killed a kobold demonologist
  4356 | D:6      | Reached XP level 9. HP: 83/84 MP: 8/8
  4666 | D:7      | Found a deep blue altar of Sif Muna.
  4690 | D:7      | Reached skill level 11 in Unarmed Combat
  4703 | D:7      | Found a snail-covered altar of Cheibriados.
  4711 | D:7      | Became a worshipper of Cheibriados the Contemplative
  4711 | D:7      | Reached * piety under Cheibriados
  4711 | D:7      | Reached ** piety under Cheibriados
  4874 | D:7      | Found a white marble altar of Elyvilon.
  4907 | D:7      | Found a bloodstained altar of Trog.
  5075 | D:7      | Reached skill level 4 in Fighting
  5075 | D:7      | Reached skill level 4 in Dodging
  5075 | D:7      | Reached skill level 12 in Unarmed Combat
  5185 | D:7      | Reached *** piety under Cheibriados
  5434 | D:8      | Reached skill level 5 in Fighting
  5459 | D:8      | Found a shadowy altar of Dithmenos.
  5467 | D:8      | Reached skill level 5 in Dodging
  5467 | D:8      | Reached XP level 10. HP: 85/96 MP: 9/9
  5784 | D:8      | Noticed Infinimo's ghost (novice KoBe)
  5806 | D:8      | Killed Infinimo's ghost
  5865 | D:8      | Gained mutation: You passively map a small area around you. [potion of beneficial mutation]
  6228 | D:9      | Found a basalt altar of Yredelemnul.
  6231 | D:9      | Found an ancient bone altar of Kikubaaqudgha.
  6282 | D:9      | Reached **** piety under Cheibriados
  6336 | D:9      | Reached skill level 6 in Dodging
  6382 | D:9      | Found a staircase to the Orcish Mines.
  6385 | D:9      | Reached skill level 6 in Fighting
  6388 | D:9      | Reached skill level 13 in Unarmed Combat
  6389 | D:9      | Noticed Grum
  6391 | D:9      | HP: 24/98 [troll (6)]
  6392 | D:9      | HP: 6/98 [troll (7)]
  6392 | D:9      | Slain by an orc warrior

Action                   |  1- 3 |  4- 6 |  7- 9 | 10-12 || total
-------------------------+-------+-------+-------+-------++-------
Melee: Unarmed           |    97 |   101 |   216 |    81 ||   495
       Punch             |       |     2 |    18 |     8 ||    28
  Use: Scroll            |       |       |     4 |     6 ||    10
       Potion            |       |       |       |     1 ||     1
 Stab: Sleeping          |     5 |     2 |     4 |     1 ||    12
       Distracted        |       |     1 |     1 |       ||     2
  Eat: Chunk             |    10 |    17 |    28 |     5 ||    60
       Bread ration      |     1 |       |       |       ||     1
Armor: Robe              |    19 |    29 |    45 |    16 ||   109
Dodge: Dodged            |    45 |    56 |   104 |    42 ||   247
